 Dungeon Crawl Stone Soup version 0.27-a0-249-g74f53ef629 (webtiles) character file.

Game seed: 3419410040184484579

217 Borgoz the Slasher (level 5, -3/45 HPs)
             Began as a Ghoul Gladiator on Feb 3, 2021.
             Slain by Natasha (6 damage)
             ... on level 2 of the Dungeon.
             The game lasted 00:02:46 (2615 turns).

Borgoz the Slasher (Ghoul Gladiator)                Turns: 2615, Time: 00:02:47

Health: -3/45      AC:  7    Str: 18    XL:     5   Next: 94%
Magic:  4/4        EV: 12    Int:  3    God:
Gold:   61         SH:  0    Dex: 11    Spells: 4/4 levels left

rFire    . . .     SeeInvis .   a - +1 long sword
rCold    + . .     Faith    .   (no shield)
rNeg     + + +     Spirit   .   j - +0 ring mail
rPois    ∞         Reflect  .   c - +0 helmet
rElec    .         Harm     .   d - +0 cloak
rCorr    .         Rampage  .   (no gloves)
Will     +....                  (no boots)
Stlth    +.........             (no amulet)
HPRegen  0.00/turn              g - ring of willpower
MPRegen  0.09/turn              (no ring)

@: no status effects
A: claws 1, cold resistance 1, negative energy resistance 3, inhibited
regeneration, torment resistance, unbreathing
a: no special abilities


You were on level 2 of the Dungeon.
You visited 1 branch of the dungeon, and saw 2 of its levels.

You collected 61 gold pieces.

Inventory:

Hand Weapons
 a - a +1 long sword (weapon)
Armour
 c - a +0 helmet (worn)
 d - a +0 cloak (worn)
 j - a +0 ring mail (worn)
Jewellery
 g - a ring of willpower (left claw)
 l - an uncursed ring of flight
Wands
 n - a wand of flame (18)
Scrolls
 e - 2 scrolls of enchant armour {unknown}
 f - 2 scrolls of enchant weapon
 h - a scroll of identify {unknown}
 i - 3 scrolls of remove curse {unknown}
 k - a scroll of magic mapping {unknown}
 m - a scroll of fog {unknown}
 o - 2 scrolls of teleportation {unknown}


   Skills:
 + Level 3.3 Fighting
 * Level 4.2 Long Blades
 - Level 1.7 Throwing
 + Level 1.9 Armour
 + Level 3.5 Dodging


You had 4 spell levels left.
You didn't know any spells.
Your spell library was empty.

Dungeon Overview and Level Annotations

Branches:
Dungeon (2/15)

Altars:
Cheibriados
Kikubaaqudgha

Annotations:
D:2 1 runed translucent door, Crazy Yiuf, Natasha


Innate Abilities, Weirdness & Mutations

You thrive by killing the living.
You are immune to poison.
You have sharp fingernails.
Your flesh is cold resistant. (rC+)
You are immune to negative energy. (rN+++)
You do not regenerate when monsters are visible.
You are immune to unholy pain and torment.
You can survive without breathing.


Message History

Natasha closely misses you.
You barely miss Natasha.
Natasha is severely wounded.
Natasha claws you.
* * * LOW HITPOINT WARNING * * *
The rat completely misses you.
You hit Natasha.
Natasha is almost dead.
Natasha mumbles some strange words.
The rat closely misses you.
You closely miss Natasha.
Natasha is almost dead.
Natasha stares at you and mumbles some strange words.
The magic dart hits you.
* * * LOW HITPOINT WARNING * * *
The rat barely misses you.
The crimson imp blinks!
You barely miss Natasha.
Natasha is almost dead.
Natasha claws you.
You die...

..# ##########.##.##
#####...........#.#
......########.##.#
####..###### #)##.#
...........# #.##.#
####..####.###.#(.#
#............§##
##.##########h# #.#
#@#####.# # #.# #5r....#
# #.##########†#####.# #
#............######. #
############........
################.#######
....).)..........#
##################


You could see Natasha, a crimson imp (summoned) and a rat.

Vanquished Creatures
  A hound (D:2)
  Natasha (D:2)
  Robin (D:2)
  6 gnolls (D:2)
  3 adders (D:2)
  2 dart slugs (D:2)
  3 leopard geckos
  8 bats
  2 giant cockroaches (D:1)
  12 goblins
  2 hobgoblins (D:2)
  8 jackals
  5 frilled lizards
  7 kobolds
  2 rats
63 creatures vanquished.

Vanquished Creatures (others)
  2 fungi (D:2)
2 creatures vanquished.

Grand Total: 65 creatures vanquished

Notes
Turn   | Place    | Note
-------+----------+-------------------------------------------
     0 | D:1      | Borgoz the Ghoul Gladiator began the quest for the Orb.
     0 | D:1      | Reached XP level 1. HP: 17/17 MP: 0/0
   268 | D:1      | Reached XP level 2. HP: 25/25 MP: 1/1
   280 | D:1      | Reached skill level 3 in Long Blades
   809 | D:1      | Reached XP level 3. HP: 30/30 MP: 2/2
   999 | D:2      | Found an ancient bone altar of Kikubaaqudgha.
  1004 | D:2      | Reached skill level 1 in Armour
  1051 | D:2      | Noticed Natasha
  1063 | D:2      | Killed Natasha
  1064 | D:2      | Reached XP level 4. HP: 10/37 MP: 3/3
  1342 | D:2      | HP: 1/38 [hobgoblin (4)]
  1732 | D:2      | Reached XP level 5. HP: 34/45 MP: 4/4
  1912 | D:2      | Reached skill level 4 in Long Blades
  2014 | D:2      | Found a snail-covered altar of Cheibriados.
  2422 | D:2      | Found a runed translucent door.
  2423 | D:2      | Noticed Crazy Yiuf
  2474 | D:2      | Noticed Robin
  2489 | D:2      | Killed Robin
  2598 | D:2      | Noticed Natasha
  2615 | D:2      | Slain by Natasha

Illustrated notes

Levels and vault maps discovered:
D:1:      scummos_arrival_gate, layout_basic
D:2:      minmay_general_purpose_star, layout_loops_ring, lemuel_crystal_altar,
          cheibriados_altar_1, uniq_crazy_yiuf_cottage, uniq_robin, uniq_natasha

Skill      XL: |  1  2  3  4  5 |
---------------+----------------+-----
Long Blades    | 3 4 |  4.2
Armour         | 1 |  1.9
Dodging        | 3 |  3.5
Fighting       | 3 |  3.3
Throwing       | |  1.7

Action                   |  1- 3 |  4- 6 || total
-------------------------+-------+-------++-------
Melee: Long sword        |    93 |   108 ||   201
Throw: Throwing net      |     1 |     4 ||     5
  Use: Scroll            |     1 |       ||     1
       Potion            |       |     3 ||     3
 Stab: Held in net/web   |       |     1 ||     1
Armor: Leather armour    |    32 |    10 ||    42
       Ring mail         |       |    25 ||    25
Dodge: Dodged            |    64 |    85 ||   149
       Rpst.: Long sword |    27 |    25 ||    52

Table legend: (Time is in decaauts)
 A = Elapsed time spent in this place.
 B = Non-inter-level travel time spent in this place.
 C = Inter-level travel time spent in this place.
 D = Time resting spent in this place.
 E = Time spent auto-exploring this place.
 F = Levels seen in this place.
 G = Mean time per level.
                   A        B        C        D        E       F      G
               +--------+--------+--------+--------+--------+-----+--------+
         Total |   2659 |   2652 |      7 |    923 |   1203 |   2 | 1329.5 |
       Dungeon |   2659 |   2652 |      7 |    923 |   1203 |   2 | 1329.5 |
               +--------+--------+--------+--------+--------+-----+--------+

Top non-repeatable levels by time:
     D:1: 1341 daAuts
     D:2: 1318 daAuts
